 Dungeon Crawl Stone Soup version 0.31-a0-654-gbe3e110b4e (webtiles) character file.

Game seed: 7020022626276077233

16081 jlumianski the Protected (level 12, -2/91 HPs)
             Began as a Demonspawn Fighter on Aug 30, 2023.
             Was a Priest of Qazlal.
             Killed from afar by Frances (49 damage)
             ... with an entropic shot
             ... on level 12 of the Dungeon.
             The game lasted 00:59:05 (14150 turns).

jlumianski the Protected (Demonspawn Fighter)      Turns: 14150, Time: 00:59:05

Health: -2/91      AC: 20    Str: 23    XL:     12   Next: 6%
Magic:  29/29      EV:  6    Int:  9    God:    Qazlal [***...]
Gold:   379        SH: 14    Dex: 12    Spells: 11/11 levels left

rFire   . . .        a - +0 war axe (venom)
rCold   . . .        G - +0 kite shield {reflect}
rNeg    . . .        U - +0 plate armour
rPois   +            (helmet unavailable)
rElec   .            l - +0 cloak
rCorr   .            O - +0 pair of gloves
SInv    .            (no boots)
Will    +....        R - amulet of the acrobat Stlth
                     Q - ring of Ocla {Fly rPois Will+ Stlth+}
HPRegen 0.35/turn    F - ring of magical power
MPRegen 0.21/turn

%: reflection, acrobat
@: flying, studying Armour
A: horns 3, molten scales 1, foul stench 3
a: Renounce Religion, Upheaval, Elemental Force


You were on level 12 of the Dungeon.
You worshipped Qazlal.
Qazlal was most pleased with you.
You visited 2 branches of the dungeon, and saw 14 of its levels.

You collected 829 gold pieces.
You spent 450 gold pieces at shops.

Inventory:

Hand Weapons
 a - a +0 war axe of venom (weapon)
 L - a +1 spear of venom
Missiles
 s - 10 boomerangs
 E - 9 javelins
 W - 9 poisoned darts (quivered)
Armour
 l - a +0 cloak (worn)
 G - a +0 kite shield of reflection (worn)
 O - a +0 pair of gloves (worn)
 U - a +0 plate armour (worn)
Jewellery
 F - a ring of magical power (right hand)
 Q - the ring of Ocla (left hand) {Fly rPois Will+ Stlth+}
   (You bought it in a shop on level 5 of the Dungeon)

   [ring of poison resistance]

   rPois:     It protects you from poison Will+: It increases your willpower.
   Fly:       It grants you flight.
   Stlth+:    It makes you more stealthy.
 R - an amulet of the acrobat (around neck)
 Z - an amulet of reflection
Wands
 b - a wand of digging (5)
 d - a wand of mindburst (4)
 w - a wand of flame (28)
 K - a wand of roots (22)
 V - a wand of polymorph (5)
Scrolls
 i - a scroll of identify
 j - 2 scrolls of blinking
 k - a scroll of torment
 m - 2 scrolls of amnesia
 A - 2 scrolls of teleportation
 D - a scroll of fear
 M - a scroll of fog
 N - a scroll of summoning
Potions
 c - a potion of resistance
 e - a potion of haste
 f - 2 potions of attraction
 g - a potion of mutation
 p - 4 potions of lignification
 q - a potion of cancellation
 x - a potion of invisibility
 z - 3 potions of enlightenment
 J - 5 potions of curing


   Skills:
 + Level 7.4 Fighting
 + Level 10.4 Axes
 + Level 1.3 Throwing
 + Level 11.5 Armour
 + Level 7.1 Shields
 * Level 11.2 Invocations
 * Level 4.7 Evocations


You had 11 spell levels left.
You didn't know any spells.
Your spell library contained the following spells:

 Spells                   Type           Power      Damage    Failure   Level
 Call Canine Familiar     Summ           0%         N/A       100%        3
 Ozocubu's Armour         Ice            0%         N/A       100%        3
 Portal Projectile        Hex/Tloc       0%         N/A       100%        3
 Summon Guardian Golem    Hex/Summ       0%         N/A       100%        3
 Volatile Blastmotes      Fire/Tloc      0%         2d10      100%        3
 Fulminant Prism          Conj/Hex       0%         3d5       100%        4
 Iskenderun's Mystic Bla  Conj/Tloc      0%         2d3       100%        4
 Leda's Liquefaction      Hex/Erth       0%         N/A       100%        4
 Lee's Rapid Deconstruct  Erth           0%         3d4*      100%        5
 Leda's Unmaking          Conj/Erth      0%         9d1       100%        6
 Orb of Destruction       Conj           0%         9d5       100%        7
 Ozocubu's Refrigeration  Ice            0%         4d7       100%        7
 Spellforged Servitor     Conj/Summ      0%         N/A       100%        7


Dungeon Overview and Level Annotations

Branches:
Dungeon (13/15)            Temple (1/1) D:6            Lair (0/5) D:9
    Orc: D:9-12      Vaults: D:13-14

Altars:
Ashenzari
Cheibriados
Dithmenos
Fedhas
Gozag
Hepliaklqana
Kikubaaqudgha
Makhleb
Nemelex Xobeh
Okawaru
Qazlal
Ru
Sif Muna
Trog
Uskayaw
Vehumet
Wu Jian
Xom
Yredelemnul

Shops:
D:5 *   D:10 =

Annotations:
D:8 3 runed translucent doors, killozap's ghost, novice DsNe
D:12 Frances


Innate Abilities, Weirdness & Mutations

You have a pair of large horns on your head.
You are partially covered in molten scales. (AC +2)
You frequently emit foul miasma when damaged in melee.


Message History

You hit Frances but do no damage. Your headbutt misses Frances.
Frances is moderately wounded.
You block Frances's attack.
You slash Frances!
Frances is moderately wounded.
You hear a roar!
Frances hits you with a +0 war axe. You block Frances's attack.
You hit Frances.
Frances looks as sick as possible!
You headbutt Frances.
Frances is heavily wounded.
You block Frances's attack.
Okay, then.
Press: ? - help, v - describe, . - travel
Here: Frances, wielding a +0 war axe and wearing a +2 ring mail of willpower (heavily wounded, fast, extremely poisoned)
The floor, spattered with blood.
You barely miss Frances. You headbutt Frances!
Frances is heavily wounded.
You block Frances's attack.
Frances mutters a nigh-unspeakable word.
Frances chants phrases taken from a devil's mouth.
You barely miss Frances. You headbutt Frances, but do no damage.
Frances is heavily wounded.
You hit the ynoxinul. Frances hits you with a +0 war axe.
You block Frances's attack.
The ynoxinul hits you but does no damage.
You hit Frances.
Frances looks as sick as possible!
Frances is heavily wounded.
You barely miss the ynoxinul.
An acid dragon comes into view.
You block Frances's attack. The sixfirhy barely misses you.
You block the ynoxinul's attack.
You hit Frances. You headbutt Frances.
Frances is severely wounded.
You closely miss the sixfirhy. You hit the ynoxinul but do no damage.
You block the sixfirhy's attack.
The sixfirhy hits you but does no damage.
The sixfirhy hits you. The sixfirhy shocks you!
Frances whispers indecipherable words.
The entropic shot hits you!!!
Ouch! That really hurt!
You die...

########.........# @#
#................# .#
#.####...........# .#
#).......#.....!## .#
#..###...#.##.#.########.#
#..#.....#.##....D.......#
#..#.##..#......##########
####..#.##..#..3†@.#
......#.##..#..#@3.#
#####.#.##..#......###
......#.##..#........####
....................>#..
#####...###.####...#.#.#
#.......# #.....#.#
#..........#.......#
#...######.#.#.....# #...#
#.......#


You could see Frances (fast, extremely poisoned), a sixfirhy (summoned), a
ynoxinul (summoned) and an acid dragon.

Vanquished Creatures
  A fire dragon (D:12)
  Erolcha (D:11)
  2 boulder beetles
  2 two-headed ogres
  A cyclops (D:11)
  A gargoyle (D:11)
  An unseen horror (D:10)
  An unseen horror zombie (D:8)
  Psyche (D:9)
  3 komodo dragons
  3 trolls
  Prince Ribbit (D:5)
  A hornet (D:8)
  Sigmund (D:6)
  2 shadows
  A basilisk (D:9)
  A fire bat (D:12)
  6 wraiths
  A wyvern (D:9)
  8 yaks
  A steam dragon (D:8)
  3 fire elementals (D:12)
  8 vampire mosquitoes
  Edmund (D:6)
  An acid dragon (D:9)
  2 black bears (D:7)
  6 water moccasins
  5 ice beasts
  2 orc warriors
  An ogre (D:5)
  3 centaurs
  2 phantoms
  2 gnoll sergeants
  2 bullfrogs
  A wyvern zombie (D:8)
  4 scorpions
  10 wights
  13 killer bees
  5 howler monkeys
  3 jellies
  8 orc priests
  3 hounds
  An iron imp (D:7)
  A sleepcap (D:6)
  Ijyb (D:3)
  2 iguanas
  6 orc wizards
  10 gnolls
  7 adders
  4 river rats (D:7)
  A shadow imp (D:7)
  An ufetubus (D:6)
  3 worms (D:2)
  5 dart slugs
  17 orcs
  9 ball pythons
  6 bats
  4 endoplasms
  4 giant cockroaches
  7 goblins
  4 hobgoblins
  5 jackals
  7 kobolds
  4 rats
234 creatures vanquished.

Notes
Turn   | Place    | Note
-------+----------+-------------------------------------------
     0 | D:1      | jlumianski the Demonspawn Fighter began the quest for the
                  | Orb.
     0 | D:1      | Reached XP level 1. HP: 18/18 MP: 1/1
    79 | D:2      | Found a faded altar of an unknown god.
    96 | D:1      | Gained mutation: You have a pair of small horns on your
                  | head. [demonic ancestry]
    96 | D:1      | Reached XP level 2. HP: 19/24 MP: 2/2
   790 | D:1      | Gained mutation: You may rarely emit foul miasma when
                  | damaged in melee. [demonic ancestry]
   790 | D:1      | Reached XP level 3. HP: 27/29 MP: 3/3
  1553 | D:3      | Found a sacrificial altar of Ru.
  1560 | D:3      | Noticed Ijyb
  1574 | D:3      | Killed Ijyb
  1575 | D:3      | Reached XP level 4. HP: 19/35 MP: 4/4
  1724 | D:3      | Found a stormy altar of Qazlal.
  1738 | D:3      | Became a worshipper of Qazlal Stormbringer
  2679 | D:4      | Noticed a scorpion
  2684 | D:4      | Killed a scorpion
  2685 | D:4      | Reached skill level 1 in Invocations
  2685 | D:4      | Gained mutation: You have a pair of horns on your head.
                  | [demonic ancestry]
  2685 | D:4      | Reached XP level 5. HP: 30/41 MP: 5/5
  2817 | D:4      | Identified a scroll of acquirement
  2819 | D:4      | Acquired a manual of Armour
  2884 | D:5      | Entered Level 5 of the Dungeon
  3048 | D:5      | Noticed a yak
  3665 | D:5      | Found a shimmering blue altar of Sif Muna.
  3717 | D:5      | Reached XP level 6. HP: 24/47 MP: 7/7
  3883 | D:5      | Noticed a yak
  3895 | D:5      | Killed a yak
  3896 | D:5      | Reached skill level 5 in Armour
  3937 | D:5      | Noticed a yak
  3946 | D:5      | Noticed a yak
  3946 | D:5      | Noticed a yak
  3950 | D:5      | Killed a yak
  3951 | D:5      | Gained mutation: You sometimes emit foul miasma when
                  | damaged in melee. [demonic ancestry]
  3951 | D:5      | Reached XP level 7. HP: 37/53 MP: 9/9
  3975 | D:5      | Killed a yak
  3976 | D:5      | Reached skill level 1 in Evocations
  3983 | D:5      | Killed a yak
  3984 | D:5      | Reached skill level 5 in Axes
  3987 | D:5      | Killed a yak
  3988 | D:5      | Reached XP level 8. HP: 25/60 MP: 11/11
  4390 | D:5      | Reached skill level 5 in Invocations
  4500 | D:5      | Noticed Prince Ribbit
  4512 | D:5      | Killed Prince Ribbit
  4536 | D:5      | Found Lahogun's Serpentskin Sales.
  4541 | D:5      | Reached * piety under Qazlal
  5312 | D:6      | Found a staircase to the Ecumenical Temple.
  5337 | Temple   | Entered the Ecumenical Temple
  5491 | D:6      | Found a burning altar of Makhleb.
  5540 | D:6      | Gained mutation: You have a pair of large horns on your
                  | head. [demonic ancestry]
  5540 | D:6      | Reached XP level 9. HP: 43/66 MP: 13/13
  5869 | D:6      | Reached skill level 5 in Fighting
  5869 | D:6      | Reached skill level 1 in Throwing
  6157 | D:6      | Found a radiant altar of Vehumet.
  6187 | D:6      | Noticed Sigmund
  6197 | D:6      | Killed Sigmund
  6874 | D:6      | Noticed Edmund
  6879 | D:6      | Killed Edmund
  7021 | D:7      | Found a hide-covered altar of Uskayaw.
  7112 | D:7      | Reached ** piety under Qazlal
  7606 | D:7      | Found a snail-covered altar of Cheibriados.
  7668 | D:7      | Found a hazy altar of Hepliaklqana.
  7845 | D:5      | Bought the ring of Ocla {Fly rPois Will+ Stlth+} for 450
                  | gold pieces
  7946 | D:7      | Gained mutation: You are partially covered in molten
                  | scales. (AC +2) [demonic ancestry]
  7946 | D:7      | Reached XP level 10. HP: 70/76 MP: 16/16
  8919 | D:8      | Found a runed translucent gate.
  8919 | D:8      | Found a runed translucent gate.
  8919 | D:8      | Found a runed translucent gate.
  8919 | D:8      | Noticed killozap's ghost (novice DsNe)
  8921 | D:8      | Found a basalt altar of Yredelemnul.
  9132 | D:8      | Found a broken altar of Ashenzari.
  9412 | D:9      | Noticed Psyche
  9503 | D:8      | Reached skill level 5 in Shields
  9610 | D:9      | Killed Psyche
  9823 | D:10     | Entered Level 10 of the Dungeon
  9845 | D:10     | Found a blossoming altar of Fedhas.
 10090 | D:9      | Found a hide-covered altar of Uskayaw.
 10311 | D:9      | Reached skill level 10 in Armour
 10677 | D:9      | Found a staircase to the Lair.
 10834 | D:9      | Found a sparkling altar of Nemelex Xobeh.
 10982 | D:10     | Found an ancient bone altar of Kikubaaqudgha.
 11025 | D:10     | Reached XP level 11. HP: 67/83 MP: 18/18
 11033 | D:10     | Noticed a two-headed ogre
 11042 | D:10     | Killed a two-headed ogre
 11192 | D:10     | Found a bloodstained altar of Trog.
 11225 | D:10     | Found Ziavol's Jewellery Emporium.
 11502 | D:10     | Reached skill level 10 in Invocations
 11888 | D:10     | Found an opulent altar of Gozag.
 12457 | D:11     | Noticed Erolcha
 12462 | D:11     | Killed Erolcha
 12972 | D:11     | Reached skill level 10 in Axes
 13364 | D:11     | Noticed a boulder beetle
 13376 | D:11     | Killed a boulder beetle
 13496 | D:12     | Noticed a boulder beetle
 13518 | D:12     | Killed a boulder beetle
 13601 | D:12     | Noticed a two-headed ogre
 13607 | D:12     | Killed a two-headed ogre
 13708 | D:12     | Noticed a fire dragon
 13736 | D:12     | Killed a fire dragon
 13736 | D:12     | Reached *** piety under Qazlal
 13945 | D:12     | Gained mutation: You frequently emit foul miasma when
                  | damaged in melee. [demonic ancestry]
 13945 | D:12     | Reached XP level 12. HP: 85/91 MP: 20/20
 14127 | D:12     | Noticed Frances
 14150 | D:12     | Killed from afar by Frances

Illustrated notes

Levels and vault maps discovered:
D:1:      shiori_arrival_elements, layout_basic, minmay_misc_feat_tiny
D:2:      layout_loops_ring, basic_ecumenical_altar, hangedman_decor_points
D:3:      layout_basic, mainiacjoe_overflow_alcove_4,
          nicolae_qazlal_scattered_showers, uniq_ijyb
D:4:      layout_cave_pods
D:5:      layout_basic, mainiacjoe_overflow_paths, guppyfry_shop_venom,
          uniq_prince_ribbit1
D:6:      layout_loops_corners, mainiacjoe_overflow_catwalk, marbit_many_paths,
          minmay_temple_entry_offerings, uniq_sigmund, uniq_edmund
D:7:      wad_woods_stonehenge, layout_basic, chei_slow_surprise,
          mainiacjoe_overflow_chevrons
D:8:      layout_basic, mainiacjoe_overflow_six_doors_small,
          nicolae_yredelemnul_ghost_church
D:9:      layout_rooms, mainiacjoe_overflow_catch_the_wave, erik_lair_dragon,
          serial_glass, glass_columns_c, glass_columns_b, uniq_psyche
D:10:     layout_loops_ring, general_overflow_altar, old_standard_altar,
          fedhas_altar_3, nicolae_kikubaaqudgha_miasma_corner, serial_shops,
          nicolae_inconvenience_store, minivault_11
D:11:     layout_grid_maze, uniq_erolcha
D:12:     minmay_firetagon, layout_basic, david_orc_2, st_stairs_6,
          uniq_frances, uniq_kirke
D:13:     layout_irregular_city, kennysheep_generic_room_5, uniq_nessos
Temple:   nicolae_temple_bog_church

Skill      XL: |  1  2  3  4  5  6  7  8  9 10 11 |
---------------+----------------------------------+-----
Axes           | 2 3 4 5 6 8 9 10 | 10.4
Armour         | 3 4 5 6 7 9 10 11 | 11.5
Shields        | 3 4 5 7 |  7.1
Invocations    | 1 2 3 4 6 8 9 11 | 11.2
Evocations     | 1 2 4 |  4.7
Fighting       | 4 5 6 7 |  7.4
Throwing       | 1 |  1.3

Action                     |  1- 3 |  4- 6 |  7- 9 | 10-12 || total
---------------------------+-------+-------+-------+-------++-------
  Melee: War axe           |   100 |   111 |   240 |   448 ||   899
         Headbutt          |    13 |    10 |    41 |   124 ||   188
  Throw: Stone             |       |       |    10 |       ||    10
         Boomerang         |       |       |     3 |       ||     3
         Dart              |       |       |       |     7 ||     7
 Invoke: Upheaval          |       |       |       |     9 ||     9
  Evoke: Wand              |       |     7 |     8 |     8 ||    23
    Use: Scroll            |     4 |     8 |     7 |     7 ||    26
         Potion            |     2 |       |     4 |     4 ||    10
 Armour: Scale mail        |    40 |    25 |       |       ||    65
         Chain mail        |       |    44 |   112 |    49 ||   205
         Plate armour      |       |       |       |   171 ||   171
  Dodge: Dodged            |    41 |    43 |    80 |   127 ||   291
  Block: Buckler           |    29 |    21 |    15 |       ||    65
         Kite shield       |       |       |   100 |   316 ||   416
         Reflection        |       |       |     1 |     3 ||     4

Table legend: (Time is in decaauts)
 A = Elapsed time spent in this place.
 B = Non-inter-level travel time spent in this place.
 C = Inter-level travel time spent in this place.
 D = Time resting spent in this place.
 E = Time spent auto-exploring this place.
 F = Levels seen in this place.
 G = Mean time per level.
                   A        B        C        D        E       F      G
               +--------+--------+--------+--------+--------+-----+--------+
         Total |  14454 |  13960 |    494 |   1578 |   8008 |  14 | 1032.4 |
       Dungeon |  14294 |  13800 |    494 |   1578 |   8008 |  13 | 1099.5 |
        Temple |    160 |    160 |      0 |      0 |      0 |   1 |  160.0 |
               +--------+--------+--------+--------+--------+-----+--------+

Top non-repeatable levels by time:
     D:5: 1912 daAuts
     D:7: 1573 daAuts
    D:11: 1521 daAuts
     D:6: 1512 daAuts
     D:9: 1301 daAuts
     D:3: 1116 daAuts
    D:10: 1077 daAuts
     D:8: 1008 daAuts
     D:4: 995 daAuts
     D:2: 776 daAuts
     D:1: 775 daAuts
    D:12: 722 daAuts
  Temple: 160 daAuts
    D:13: 1 daAuts
